 Dungeon Crawl Stone Soup version 0.31-a0-40-g1d5085d191 (webtiles) character file.

Game seed: 8030887820001093483

336 pk666 the Magician (level 6, -1/32 HPs)
             Began as a Deep Elf Fire Elementalist on May 18, 2023.
             Slain by Edmund
             ... wielding a +2 heavy flail
              (17 damage)
             ... on level 4 of the Dungeon.
             The game lasted 00:05:14 (3217 turns).

pk666 the Magician (Deep Elf Fire Elementalist)     Turns: 3217, Time: 00:05:15

Health: -1/32      AC:  3    Str:  5    XL:     6   Next: 28%
Magic:  6/15       EV: 15    Int: 28    God:
Gold:   212        SH:  0    Dex: 21    Spells: 8/15 levels left

rFire   . . .        (no weapon)
rCold   . . .        (no shield)
rNeg    . . .        a - +0 robe
rPois   .            (no helmet)
rElec   .            p - +0 cloak {Will+}
rCorr   .            (no gloves)
SInv    .            (no boots)
Will    +....        (no amulet)
Stlth   ++           g - +6 ring of intelligence
HPRegen 0.25/turn    k - +6 ring of dexterity
MPRegen 0.14/turn

%: no passive effects
@: no status effects
A: no striking features
a: no special abilities


You were on level 4 of the Dungeon.
You visited 1 branch of the dungeon, and saw 4 of its levels.

You collected 212 gold pieces.

Inventory:

Armour
 a - a +0 robe (worn)
 p - a +0 cloak of willpower (worn)
Jewellery
 g - a +6 ring of intelligence (left hand)
 k - a +6 ring of dexterity (right hand)
Wands
 f - a wand of quicksilver (6)
 o - a wand of roots (9)
Scrolls
 d - 3 scrolls of identify {unknown}
 e - 2 scrolls of enchant weapon {unknown}
 h - 3 scrolls of poison {unknown}
 i - a scroll of fog {unknown}
 j - a scroll of noise {unknown}
Potions
 b - a potion of magic
 c - a potion of attraction
 l - a potion of ambrosia {unknown}
 m - a potion of cancellation {unknown}
 n - a potion of flight {unknown}


   Skills:
 + Level 4.5 Dodging
 - Level 2.4 Stealth
 + Level 5.1 Spellcasting
 + Level 3.5 Conjurations
 + Level 4.8 Fire Magic


You had 8 spell levels left.
You knew the following spells:

 Your Spells              Type           Power      Damage    Failure   Level
a - Foxfire               Conj/Fire      100%       2x1d9     1%          1
b - Scorch                Fire           68%        2d8       1%          2
c - Flame Wave            Conj/Fire      30%        2d9       12%         4

Your spell library contained the following spells:

 Spells                   Type           Power      Damage    Failure   Level
 Inner Flame              Hex/Fire       20%        N/A       8%          3
 Volatile Blastmotes      Fire/Tloc      40%        2d13      8%          3


Dungeon Overview and Level Annotations

Branches:
Dungeon (4/15)
 Temple: D:4-7

Altars:
Ru

Annotations:
D:4 Edmund


Message History

A kobold comes into view. It is wielding a +0 dagger.
Casting: Scorch (safe; 1% risk of failure)
Confirm with . or Enter, or press ? or * to list all spells.
You conjure some foxfire!
The kobold shouts!
You hear a shout!
The foxfire hits Edmund.
Edmund is lightly wounded.
An orc comes into view. It is wielding a +0 flail.
The foxfire hits Edmund but does no damage.
Edmund is lightly wounded.
Casting: Foxfire (safe; 1% risk of failure)
Confirm with . or Enter, or press ? or * to list all spells.
You conjure some foxfire!
The foxfire hits Edmund but does no damage.
Edmund is lightly wounded.
The foxfire hits Edmund!
Edmund is moderately wounded.
Flames lash the kobold.
You kill the kobold!
An orc comes into view. It is wielding a +0 mace.
Flames lash Edmund.
Edmund is heavily wounded.
Edmund's fire resistance burns away.
You hear a shout!
An orc comes into view. It is wielding a +0 dagger.
Edmund hits you with a +2 heavy flail!
Ouch! That really hurt!
You are too injured to fight recklessly!
Casting: Scorch (safe; 1% risk of failure)
Confirm with . or Enter, or press ? or * to list all spells.
Flames lash Edmund.
Edmund is burned terribly!
Edmund is heavily wounded.
An orc comes into view. It is wielding a +0 short sword.
Casting: Scorch (safe; 1% risk of failure)
Confirm with . or Enter, or press ? or * to list all spells.
Flames lash Edmund.
Edmund is burned terribly!
Edmund is almost dead.
Edmund hits you with a +2 heavy flail!
Ouch! That really hurt!
You die...

#......#
#.....##....#
#...[.##....###.
#...[[.#........
#....).#.......o
#).....#...)..o.
#....(.#..o..o..
#......#.@......
#......#@.......
#......'....##..
#......#....#
#......#....#
#......#....#
#......#....#
#......#....#
#......#....#
#......#....#


You could see Edmund (combustible) and 4 orcs.

Vanquished Creatures
  A scorpion (D:3)
  4 orc priests
  Crazy Yiuf (D:3)
  An orc wizard (D:3)
  5 adders
  3 dart slugs
  9 orcs
  An endoplasm (D:1)
  4 giant cockroaches
  2 goblins
  3 hobgoblins
  A quokka (D:1)
  3 ball pythons
  5 bats
  2 frilled lizards
  5 kobolds
  4 rats
54 creatures vanquished.

Vanquished Creatures (collateral kills)
  A foxfire (D:2)
1 creature vanquished.

Vanquished Creatures (others)
  152 foxfires
152 creatures vanquished.

Grand Total: 207 creatures vanquished

Notes
Turn   | Place    | Note
-------+----------+-------------------------------------------
     0 | D:1      | pk666 the Deep Elf Fire Elementalist began the quest for
                  | the Orb.
     0 | D:1      | Reached XP level 1. HP: 10/10 MP: 6/6
   286 | D:1      | Reached XP level 2. HP: 15/15 MP: 4/8
   289 | D:1      | Learned a level 2 spell: Scorch
  1309 | D:2      | Reached XP level 3. HP: 18/19 MP: 3/10
  1850 | D:2      | You fall into a shaft and drop 1 floor!
  1947 | D:3      | Reached XP level 4. HP: 24/24 MP: 8/11
  2015 | D:3      | Found a sacrificial altar of Ru.
  2089 | D:3      | Reached skill level 4 in Spellcasting
  2287 | D:3      | Found a runed translucent door.
  2288 | D:3      | Noticed Crazy Yiuf
  2406 | D:3      | Reached XP level 5. HP: 28/28 MP: 10/13
  2413 | D:3      | Learned a level 4 spell: Flame Wave
  2774 | D:3      | Killed Crazy Yiuf
  3012 | D:4      | Reached XP level 6. HP: 16/32 MP: 1/15
  3026 | D:3      | Reached skill level 5 in Spellcasting
  3209 | D:4      | Noticed Edmund
  3217 | D:4      | Slain by Edmund

Illustrated notes

Levels and vault maps discovered:
D:1:      dpeg_arrival_more_subterranean_lakeside_camping, layout_loops_cross,
          minmay_liquid_box
D:2:      layout_rooms, minmay_hedge_maze, minmay_cupped
D:3:      layout_rooms, mainiacjoe_overflow_cross_hatched, corexii_shack,
          uniq_crazy_yiuf_cottage
D:4:      layout_gridville, kennysheep_mini_moat, nicolae_wu_jian_wuxing_cycle,
          uniq_eustachio, uniq_edmund

Skill      XL: |  1  2  3  4  5  6 |
---------------+-------------------+-----
Dodging        | 3 4 |  4.5
Conjurations   | 2 3 |  3.5
Spellcasting   | 4 5 |  5.1
Fire Magic     | 4 |  4.8
Stealth        | |  2.4

Action                     |  1- 3 |  4- 6 || total
---------------------------+-------+-------++-------
  Melee: Unarmed           |       |     6 ||     6
   Cast: Foxfire           |    67 |    35 ||   102
         Scorch            |     7 |    26 ||    33
    Use: Potion            |       |     2 ||     2
 Armour: Robe              |     1 |     6 ||     7
         Skin              |       |     4 ||     4
  Dodge: Dodged            |     8 |    24 ||    32

Table legend: (Time is in decaauts)
 A = Elapsed time spent in this place.
 B = Non-inter-level travel time spent in this place.
 C = Inter-level travel time spent in this place.
 D = Time resting spent in this place.
 E = Time spent auto-exploring this place.
 F = Levels seen in this place.
 G = Mean time per level.
                   A        B        C        D        E       F      G
               +--------+--------+--------+--------+--------+-----+--------+
         Total |   3217 |   3141 |     76 |    425 |   2287 |   4 |  804.2 |
       Dungeon |   3217 |   3141 |     76 |    425 |   2287 |   4 |  804.2 |
               +--------+--------+--------+--------+--------+-----+--------+

Top non-repeatable levels by time:
     D:3: 1266 daAuts
     D:1: 1156 daAuts
     D:2: 693 daAuts
     D:4: 101 daAuts
